 Dungeon Crawl Stone Soup version 0.24.0-35-gdb84b6a5db (webtiles) character file.

Game seed: 16425437361662481357, levelgen mode: deterministic

77 Delamore the Cudgeler (level 4, -6/26 HPs)
             Began as a Gargoyle Gladiator on Nov 17, 2019.
             Killed by divine providence
             ... invoked by an orc priest
              (11 damage)
             ... on level 3 of the Dungeon.
             The game lasted 00:01:33 (1797 turns).

Delamore the Cudgeler (Gargoyle Gladiator)          Turns: 1797, Time: 00:01:34

Health: -6/26      AC: 11    Str: 18    XL:     4   Next: 33%
Magic:  4/4        EV: 12    Int:  9    God:
Gold:   87         SH:  0    Dex: 11    Spells: 3/3 levels left

rFire    . . .     SeeInvis .   a - +0 flail
rCold    . . .     Gourm    .   (no shield)
rNeg     + + .     Faith    .   g - +1 leather armour {rN+}
rPois    ∞         Spirit   .   c - +0 helmet
rElec    +         Reflect  .   l - +2 cloak
rCorr    .         Harm     .   (no gloves)
MR       +....                  (no boots)
Stlth    +.........             (no amulet)
HPRegen  0.08/turn              k - ring of protection from magic
MPRegen  0.09/turn              (no ring)

@: no status effects
A: negative energy resistance 1, electricity resistance, unbreathing,
petrification resistance, rot immunity, AC +3
a: no special abilities


You were on level 3 of the Dungeon.
You were not hungry.

You visited 1 branch of the dungeon, and saw 3 of its levels.

You collected 87 gold pieces.

Inventory:

Hand Weapons
 a - a +0 flail (weapon)
Missiles
 d - 3 throwing nets (quivered)
 o - 4 silver javelins
Armour
 b - a +0 leather armour
 c - a +0 helmet (worn)
 g - a +1 leather armour of positive energy (worn)
 l - a +2 cloak (worn)
Jewellery
 k - a ring of protection from magic (left hand)
Scrolls
 e - a scroll of blinking {unknown}
 h - 2 scrolls of identify {unknown}
 j - a scroll of enchant weapon {unknown}
 n - a scroll of amnesia {unknown}
Potions
 i - a potion of degeneration {unknown}
 m - 2 potions of agility {unknown}
 p - a potion of haste {unknown}
 q - a potion of heal wounds {unknown}
Comestibles
 f - 4 rations


   Skills:
 - Level 2.1 Fighting
 + Level 5.0 Maces & Flails
 - Level 1.7 Throwing
 - Level 2.4 Dodging


You had 3 spell levels left.
You didn't know any spells.
Your spell library was empty.

Dungeon Overview and Level Annotations

Branches:
Dungeon (3/15)

Altars:
Hepliaklqana
Kikubaaqudgha


Innate Abilities, Weirdness & Mutations

You are resistant to torment.
Your stone body is resilient. (AC +3)
You are immune to poison.
You resist negative energy. (rN+)
You are resistant to electric shocks. (rElec)
You can survive without breathing.
You are immune to petrification.
You are immune to rotting.


Message History

Beogh smites you!
Ouch! That really hurt!
There are monsters nearby!
You are too injured to fight recklessly!
You closely miss the orc. The orc barely misses you.
You barely miss the orc.
An orc comes into view. It is wielding a +0 whip.
The orc shouts!
The orc hits you with a +0 club. The orc priest barely misses you.
The orc completely misses you.
There is an open door here.
You closely miss the orc priest. The orc closely misses you.
The orc priest hits you with a +0 short sword.
* * * LOW HITPOINT WARNING * * *
The orc hits you but does no damage.
You sock the orc priest!
The orc priest is severely wounded.
The orc priest mumbles some strange prayers to Beogh against you.
Beogh smites you!
You die...

. ########## ..
#........# ...
#........# ..
#........###.#
####........#...#
##...........@o..#
#<.##.......o#o..#
#..##........#o..#
#..##........#...#
#..##........#...#
...##........#...#
#..###........#...#
#..# ##########...#
#..#


You could see an orc priest and 3 orcs.

Vanquished Creatures
  A worker ant (D:2)
  2 worms (D:2)
  A dart slug (D:1)
  3 leopard geckos
  A ball python (D:2)
  A giant cockroach (D:1)
  2 goblins
  2 hobgoblins (D:2)
  10 jackals (D:2)
  8 kobolds
  A quokka (D:2)
  4 bats
  3 frilled lizards
  A rat (D:2)
40 creatures vanquished.

Vanquished Creatures (others)
  A kobold (D:1)
1 creature vanquished.

Grand Total: 41 creatures vanquished

Notes
Turn   | Place    | Note
-------+----------+-------------------------------------------
     0 | D:1      | Delamore the Gargoyle Gladiator began the quest for the
                  | Orb.
     0 | D:1      | Reached XP level 1. HP: 12/12 MP: 1/1
   120 | D:1      | Reached XP level 2. HP: 17/17 MP: 2/2
   770 | D:2      | Reached skill level 4 in Maces & Flails
   803 | D:2      | Found an ancient bone altar of Kikubaaqudgha.
   862 | D:2      | Reached XP level 3. HP: 21/21 MP: 3/3
  1003 | D:2      | Found a hazy altar of Hepliaklqana.
  1022 | D:2      | Reached XP level 4. HP: 22/26 MP: 4/4
  1387 | D:2      | Reached skill level 5 in Maces & Flails
  1797 | D:3      | Killed from afar by an orc priest

Levels and vault maps discovered:
D:1:      psy_arrival_dodecagon, layout_loops_ring, st_stairs_11,
          minmay_misc_feat_pillars
D:2:      layout_loops_corners, lemuel_doored_altar,
          nicolae_overflow_hidden_temple, first_ration
D:3:      layout_basic, uniq_jessica, uniq_grinder

Skill      XL: |  1  2  3  4 |
---------------+-------------+-----
Maces & Flails | 4 5 |  5.0
Fighting       | |  2.1
Throwing       | |  1.7
Dodging        | |  2.4

Action                   |  1- 3 |  4- 6 || total
-------------------------+-------+-------++-------
Melee: Flail             |    75 |    69 ||   144
 Stab: Sleeping          |     1 |       ||     1
  Eat: Chunk             |       |     3 ||     3
Armor: Leather armour    |    43 |    38 ||    81
Dodge: Dodged            |    70 |    57 ||   127
